TOP OF THE 1ST |
Phoenix Hotspur U-21 batting - Pitching for Columbia River Rats : LHP Giel Overwater
|
Pitching: LHP Giel Overwater
|
|
Batting: RHB Sinfronio Vitor
|
0-0: Ball 1-0: Fly out, F8 (Flyball, 8RD)
|
Batting: RHB Bill Erickson
|
0-0: Called Strike 0-1: Ball 1-1: Ball 2-1: Called Strike 2-2: Strikes out swinging
|
Batting: LHB Jason DeGeorge
|
0-0: Ball 1-0: Foul Ball, location: 2F 1-1: Foul Ball, location: 2F 1-2: Foul Ball, location: 2F 1-2: Strikes out swinging
|
Top of the 1st over - 0 runs, 0 hits, 0 errors, 0 left on base; Phoenix 0 - Columbia 0 |
BOTTOM OF THE 1ST |
Columbia River Rats batting - Pitching for Phoenix Hotspur U-21 : RHP Jorge Cruzan
|
Pitching: RHP Jorge Cruzan
|
|
Batting: SHB Robert Hillier
|
0-0: Ball 1-0: Foul Ball, location: 2F 1-1: Foul Ball, location: 2F 1-2: Strikes out looking
|
Batting: RHB Jesús Osorio
|
0-0: Swinging Strike 0-1: Ball 1-1: Ball 2-1: Called Strike 2-2: Ball 3-2: Strikes out swinging
|
Batting: RHB Yves Girard
|
0-0: Ball 1-0: SINGLE (Flyball, 78M)
|
Batting: SHB José Segura
|
0-0: Called Strike Throwing error on steal attempt, E2 Yves Girard to third 0-1: Swinging Strike 0-2: Ball 1-2: Ball 2-2: Ball 3-2: Base on Balls
|
Batting: RHB Júlio Costa
|
0-0: Swinging Strike 0-1: Ball 1-1: Ball 2-1: Foul Ball, location: 2F 2-2: Foul Ball, location: 2F 2-2: Reached on error, E6 (Groundball, 6) Yves Girard scores José Segura to second
|
Batting: RHB Asko Riikonen
|
0-0: Ball 1-0: Called Strike 1-1: Called Strike 1-2: Strikes out looking
|
Bottom of the 1st over - 1 run, 1 hit, 2 errors, 2 left on base; Phoenix 0 - Columbia 1 |
TOP OF THE 2ND |
Phoenix Hotspur U-21 batting - Pitching for Columbia River Rats : LHP Giel Overwater
|
Batting: RHB Jim Justice
|
0-0: Ball 1-0: Ball 2-0: Ball 3-0: Base on Balls
|
Batting: LHB Damian Alldred
|
0-0: Ball 1-0: Ball 2-0: Called Strike 2-1: Fielders Choice at 2nd, 6-4 (Groundball, 56)
|
Batting: LHB Tyler Kinjeketile
|
0-0: Ball 1-0: Ball 2-0: Fielders Choice at 2nd, 3-6 (Groundball, 3)
|
Batting: RHB Braylen Sampson
|
0-0: Ball 1-0: Swinging Strike 1-1: Foul Ball, location: 2F 1-2: Strikes out swinging
|
Top of the 2nd over - 0 runs, 0 hits, 0 errors, 1 left on base; Phoenix 0 - Columbia 1 |
BOTTOM OF THE 2ND |
Columbia River Rats batting - Pitching for Phoenix Hotspur U-21 : RHP Jorge Cruzan
|
Batting: LHB Jordan Westacott
|
0-0: Ball 1-0: Ball 2-0: Ball 3-0: Called Strike 3-1: Foul Ball, location: 2F 3-2: Strikes out swinging
|
Batting: RHB Harley Whitfield
|
0-0: Ball 1-0: Called Strike 1-1: Ball 2-1: Ground out 4-3 (Groundball, 4)
|
Batting: RHB Andrew Berven
|
0-0: Ball 1-0: Fly out, F8 (Flyball, 8LM)
|
Bottom of the 2nd over - 0 runs, 0 hits, 0 errors, 0 left on base; Phoenix 0 - Columbia 1 |
TOP OF THE 3RD |
Phoenix Hotspur U-21 batting - Pitching for Columbia River Rats : LHP Giel Overwater
|
Batting: RHB George Robinson
|
0-0: Foul Ball, location: 2F 0-1: Ball 1-1: Called Strike 1-2: Fly out, F4 (Popup, 4)
|
Batting: RHB José Souza
|
0-0: Ball 1-0: Swinging Strike 1-1: Foul Ball, location: 2F 1-2: Ball 2-2: Ball 3-2: Strikes out swinging
|
Batting: RHB Sinfronio Vitor
|
0-0: Ball 1-0: Foul Ball, location: 2F 1-1: SINGLE (Line Drive, 6M)
|
Batting: RHB Bill Erickson
|
0-0: Fielders Choice at 2nd, 5-4 (Groundball, 5)
|
Top of the 3rd over - 0 runs, 1 hit, 0 errors, 1 left on base; Phoenix 0 - Columbia 1 |
BOTTOM OF THE 3RD |
Columbia River Rats batting - Pitching for Phoenix Hotspur U-21 : RHP Jorge Cruzan
|
Batting: SHB Robert Hillier
|
0-0: Foul Ball, location: 2F 0-1: Ball 1-1: Ball 2-1: Ball 3-1: Swinging Strike 3-2: Foul Ball, location: 2F 3-2: Ground out 5-3 (Groundball, 25)
|
Batting: RHB Jesús Osorio
|
0-0: Ball 1-0: Called Strike 1-1: Called Strike 1-2: Strikes out swinging
|
Batting: RHB Yves Girard
|
0-0: Ball 1-0: Called Strike 1-1: Foul Ball, location: 2F 1-2: Foul Ball, location: 2F 1-2: Ball 2-2: Foul Ball, location: 2F 2-2: SINGLE (Groundball, 6S) (infield hit)
|
Batting: SHB José Segura
|
0-0: Ball Yves Girard steals 2nd base 1-0: Ball 2-0: Ball 3-0: Base on Balls
|
Batting: RHB Júlio Costa
|
0-0: Swinging Strike 0-1: Ground out 3-1 (Groundball, 34S)
|
Bottom of the 3rd over - 0 runs, 1 hit, 0 errors, 2 left on base; Phoenix 0 - Columbia 1 |
TOP OF THE 4TH |
Phoenix Hotspur U-21 batting - Pitching for Columbia River Rats : LHP Giel Overwater
|
Batting: LHB Jason DeGeorge
|
0-0: Called Strike 0-1: Fly out, F8 (Flyball, 8RXD)
|
Batting: RHB Jim Justice
|
0-0: Ball 1-0: Ball 2-0: Ball 3-0: Base on Balls
|
Batting: LHB Damian Alldred
|
0-0: Ball Jim Justice is caught stealing 2nd base 1-0: Ball 2-0: Called Strike 2-1: Ball 3-1: SOLO HOME RUN (Flyball, 9LD), Distance : 342 ft
|
Batting: LHB Tyler Kinjeketile
|
0-0: Fly out, F4 (Line Drive, 4)
|
Top of the 4th over - 1 run, 1 hit, 0 errors, 0 left on base; Phoenix 1 - Columbia 1 |
BOTTOM OF THE 4TH |
Columbia River Rats batting - Pitching for Phoenix Hotspur U-21 : RHP Jorge Cruzan
|
Batting: RHB Asko Riikonen
|
0-0: SINGLE (Flyball, 9LM)
|
Batting: LHB Jordan Westacott
|
0-0: Called Strike 0-1: Ball 1-1: Ball Wild Pitch! Asko Riikonen to second 2-1: Ball 3-1: Base on Balls
|
Batting: RHB Harley Whitfield
|
0-0: Ball 1-0: Ball 2-0: Foul Ball, location: 2F 2-1: Ball 3-1: SINGLE (Groundball, 34D) Asko Riikonen to third Jordan Westacott to second Runner from 3rd tries for Home, SAFE, no throw
|
Batting: RHB Andrew Berven
|
0-0: Foul Ball, location: 2F 0-1: Foul Ball, location: 2F 0-2: Ball 1-2: Foul Ball, location: 2F 1-2: Ball 2-2: Strikes out looking
|
Batting: SHB Robert Hillier
|
0-0: Ball 1-0: Fly out, F9 (Flyball, 9LM)
|
Batting: RHB Jesús Osorio
|
0-0: Ball 1-0: Foul Ball, location: 2F 1-1: Ball 2-1: Swinging Strike 2-2: Strikes out looking and he ARGUES THE CALL AND IS TOSSED!
|
Bottom of the 4th over - 1 run, 2 hits, 0 errors, 2 left on base; Phoenix 1 - Columbia 2 |
TOP OF THE 5TH |
Phoenix Hotspur U-21 batting - Pitching for Columbia River Rats : LHP Giel Overwater
|
Now at C: Will Henderson
|
|
Batting: RHB Braylen Sampson
|
0-0: Foul Ball, location: 2F 0-1: Foul Ball, location: 2F 0-2: Foul Ball, location: 2F 0-2: Ball 1-2: Strikes out looking
|
Batting: RHB George Robinson
|
0-0: Ball 1-0: SINGLE (Flyball, 8LS)
|
Batting: RHB José Souza
|
0-0: Swinging Strike 0-1: Ball 1-1: Foul Ball, location: 2F 1-2: Strikes out looking
|
Batting: RHB Sinfronio Vitor
|
0-0: Ball 1-0: Ball 2-0: Ball 3-0: Called Strike 3-1: Fly out, F3 (Popup, 3F)
|
Top of the 5th over - 0 runs, 1 hit, 0 errors, 1 left on base; Phoenix 1 - Columbia 2 |
BOTTOM OF THE 5TH |
Columbia River Rats batting - Pitching for Phoenix Hotspur U-21 : RHP Jorge Cruzan
|
Batting: RHB Yves Girard
|
0-0: Ground out 1-3 (Groundball, 15S)
|
Batting: SHB José Segura
|
0-0: Called Strike 0-1: Called Strike 0-2: Strikes out swinging
|
Batting: RHB Júlio Costa
|
0-0: Ball 1-0: Ball 2-0: Foul Ball, location: 2F 2-1: Ball 3-1: Ground out 1-3 (Groundball, 13)
|
Bottom of the 5th over - 0 runs, 0 hits, 0 errors, 0 left on base; Phoenix 1 - Columbia 2 |
TOP OF THE 6TH |
Phoenix Hotspur U-21 batting - Pitching for Columbia River Rats : LHP Giel Overwater
|
Batting: RHB Bill Erickson
|
0-0: Foul Ball, location: 2F 0-1: Ball 1-1: Called Strike 1-2: Strikes out swinging
|
Batting: LHB Jason DeGeorge
|
0-0: Fly out, F9 (Line Drive, 9)
|
Batting: RHB Jim Justice
|
0-0: Foul Ball, location: 2F 0-1: Ball 1-1: Foul Ball, location: 2F 1-2: Reached on error, E6 (Groundball, 6)
|
Pitching: LHP Joe Khokar
|
|
Batting: LHB Damian Alldred
|
0-0: Called Strike 0-1: Ball 1-1: Ball 2-1: Foul Ball, location: 2F 2-2: Reached on error, E6 (Popup, P) Jim Justice to second
|
Batting: LHB Tyler Kinjeketile
|
0-0: SINGLE (Flyball, 7LS) Jim Justice to third Damian Alldred to second Runner from 3rd tries for Home, throw and OUT!
|
Top of the 6th over - 0 runs, 1 hit, 2 errors, 2 left on base; Phoenix 1 - Columbia 2 |
BOTTOM OF THE 6TH |
Columbia River Rats batting - Pitching for Phoenix Hotspur U-21 : RHP Jorge Cruzan
|
Batting: RHB Asko Riikonen
|
0-0: Called Strike 0-1: Ball 1-1: Ball 2-1: Foul Ball, location: 2F 2-2: Foul Ball, location: 2F 2-2: Ball 3-2: Foul Ball, location: 2F 3-2: SINGLE (Groundball, 4MD)
|
Batting: LHB Jordan Westacott
|
0-0: Called Strike 0-1: Ball 1-1: Ball 2-1: Called Strike 2-2: Strikes out swinging
|
Batting: RHB Harley Whitfield
|
0-0: Ball 1-0: Called Strike 1-1: Called Strike 1-2: Strikes out swinging
|
Pitching: LHP Cameron Roberts
|
|
Batting: RHB Andrew Berven
|
0-0: Ball 1-0: Called Strike Asko Riikonen steals 2nd base 1-1: Ball 2-1: Called Strike 2-2: Foul Ball, location: 2F 2-2: Foul Ball, location: 2F 2-2: Ball 3-2: Base on Balls
|
Batting: SHB Robert Hillier
|
0-0: Ball Andrew Berven steals 2nd base Asko Riikonen to third 1-0: Called Strike 1-1: Ball 2-1: Fly out, F9 (Flyball, 9LS)
|
Bottom of the 6th over - 0 runs, 1 hit, 0 errors, 2 left on base; Phoenix 1 - Columbia 2 |
TOP OF THE 7TH |
Phoenix Hotspur U-21 batting - Pitching for Columbia River Rats : LHP Joe Khokar
|
Batting: RHB Braylen Sampson
|
0-0: Ball 1-0: SINGLE (Line Drive, 6D)
|
Batting: RHB George Robinson
|
0-0: Called Strike 0-1: Foul Ball, location: 2F 0-2: Foul Ball, location: 2F 0-2: Grounds into double play, 6-4-3 (Groundball, 6)
|
Batting: RHB José Souza
|
0-0: Called Strike 0-1: Ball 1-1: Foul Ball, location: 2F 1-2: Strikes out swinging
|
Top of the 7th over - 0 runs, 1 hit, 0 errors, 0 left on base; Phoenix 1 - Columbia 2 |
BOTTOM OF THE 7TH |
Columbia River Rats batting - Pitching for Phoenix Hotspur U-21 : LHP Cameron Roberts
|
Batting: RHB Will Henderson
|
0-0: Ball 1-0: Ground out U3 (Groundball, 3L)
|
Batting: RHB Yves Girard
|
0-0: Ball 1-0: Ground out 4-3 (Groundball, 34)
|
Batting: SHB José Segura
|
0-0: Ball 1-0: Foul Ball, location: 2F 1-1: Ball 2-1: Fly out, F8 (Flyball, 8LS)
|
Bottom of the 7th over - 0 runs, 0 hits, 0 errors, 0 left on base; Phoenix 1 - Columbia 2 |
TOP OF THE 8TH |
Phoenix Hotspur U-21 batting - Pitching for Columbia River Rats : LHP Joe Khokar
|
Batting: RHB Sinfronio Vitor
|
0-0: Ball 1-0: Swinging Strike 1-1: Ground out 5-3 (Groundball, 56S)
|
Batting: RHB Bill Erickson
|
0-0: Called Strike 0-1: Called Strike 0-2: Ball 1-2: SINGLE (Line Drive, 56D)
|
Batting: LHB Jason DeGeorge
|
0-0: Called Strike 0-1: Ball 1-1: Fielders Choice at 2nd, 4-6 (Groundball, 4)
|
Pitching: RHP Jim Eisenmenger
|
|
Batting: RHB Jim Justice
|
0-0: Foul Ball, location: 2F 0-1: Foul Ball, location: 2F 0-2: Foul Ball, location: 2F 0-2: Strikes out swinging
|
Top of the 8th over - 0 runs, 1 hit, 0 errors, 1 left on base; Phoenix 1 - Columbia 2 |
BOTTOM OF THE 8TH |
Columbia River Rats batting - Pitching for Phoenix Hotspur U-21 : LHP Cameron Roberts
|
Batting: RHB Júlio Costa
|
0-0: Foul Ball, location: 2F 0-1: Called Strike 0-2: Strikes out swinging
|
Batting: RHB Asko Riikonen
|
0-0: Ball 1-0: Called Strike 1-1: Foul Ball, location: 2F 1-2: Ground out U3 (Groundball, 3L)
|
Batting: LHB Jordan Westacott
|
0-0: SOLO HOME RUN (Flyball, 9LD), Distance : 350 ft
|
Batting: RHB Harley Whitfield
|
0-0: SINGLE (Groundball, 6MD)
|
Batting: RHB Andrew Berven
|
0-0: Called Strike 0-1: Ball 1-1: Swinging Strike 1-2: Foul Ball, location: 2F 1-2: Fly out, F5 (Popup, 56)
|
Bottom of the 8th over - 1 run, 2 hits, 0 errors, 1 left on base; Phoenix 1 - Columbia 3 |
TOP OF THE 9TH |
Phoenix Hotspur U-21 batting - Pitching for Columbia River Rats : RHP Jim Eisenmenger
|
Batting: LHB Damian Alldred
|
0-0: Ball 1-0: Fly out, F9 (Flyball, 9LS)
|
Batting: LHB Tyler Kinjeketile
|
0-0: Ball 1-0: Foul Ball, location: 2F 1-1: Foul Ball, location: 2F 1-2: Ball 2-2: Foul Ball, location: 2F 2-2: Foul Ball, location: 2F 2-2: Foul Ball, location: 2F 2-2: Foul Ball, location: 2F 2-2: Ground out 1-3 (Groundball, 13S)
|
Batting: RHB Braylen Sampson
|
0-0: SINGLE (Groundball, 56D)
|
Pinch Hitting: RHB Juan Negrete
|
0-0: Ball 1-0: Fielders Choice at 2nd, 4-6 (Groundball, 4MD)
|
Top of the 9th over - 0 runs, 1 hit, 0 errors, 1 left on base; Phoenix 1 - Columbia 3 |
|